 Dungeon Crawl Stone Soup version 0.31-a0-358-gac0dbeb3ab (webtiles) character file.

Game seed: 2736538434842485620

13104 Newt the Carver (level 12, -14/88 HPs)
             Began as a Merfolk Fighter on July 26, 2023.
             Was a Believer of the Shining One.
             Demolished by a cyclops (25 damage)
             ... on level 13 of the Dungeon.
             The game lasted 00:19:31 (13275 turns).

Newt the Carver (Merfolk Fighter)                  Turns: 13275, Time: 00:19:32

Health: -14/88     AC:  9    Str: 21    XL:     12   Next: 2%
Magic:  11/22      EV: 14    Int: 17    God:    the Shining One [**....]
Gold:   573        SH: 11    Dex: 15    Spells: 20/25 levels left

rFire   . . .        a - +0 long sword
rCold   . . .        z - +0 kite shield of Uqeupair {Rampage rCorr}
rNeg    + . .        x - +0 leather armour "Cisit" {rCorr Str+3 Int+2}
rPois   +            j - +2 hat
rElec   .            d - +2 cloak
rCorr   +            (no gloves)
SInv    .            H - +0 pair of boots
Will    .....        v - amulet of regeneration
Stlth   +            f - ring of poison resistance
HPRegen 1.14/turn    h - +6 ring of intelligence
MPRegen 0.18/turn

%: rampage
@: glowing
A: (nimble swimmer 2), mertail
a: Renounce Religion, Divine Shield


You were on level 13 of the Dungeon.
You worshipped the Shining One.
The Shining One was pleased with you.
You visited 2 branches of the dungeon, and saw 14 of its levels.
You also visited: Sewer and Bailey.

You collected 687 gold pieces.
You spent 114 gold pieces at shops.

Inventory:

Hand Weapons
 a - a +0 long sword (weapon)
Armour
 b - a +0 scale mail
 c - a +1 buckler
 d - a +2 cloak (worn)
 j - a +2 hat (worn)
 m - a +0 pair of gloves
 x - the +0 leather armour "Cisit" (worn) {rCorr Str+3 Int+2}
   (You found it on level 5 of the Dungeon)

   Str:       It affects your strength (+3).
   Int:       It affects your intelligence (+2).
   rCorr:     It protects you from acid and corrosion.
 y - a +3 leather armour
 z - the +0 kite shield of Uqeupair (worn) {Rampage rCorr}
   (You found it on level 6 of the Dungeon)

   rCorr:     It protects you from acid and corrosion.
   Rampage:   It bestows one free step when moving towards enemies.
 H - a +0 pair of boots (worn)
 M - a +0 pair of gloves of stealth
 N - +0 shadow dragon scales
 O - the +4 plate armour of the Shining Light {rElec rCorr}
   (You found it in a bailey)

   rElec:     It insulates you from electricity.
   rCorr:     It protects you from acid and corrosion.
Jewellery
 f - a ring of poison resistance (left hand)
 h - a +6 ring of intelligence (right hand)
 k - a ring of willpower
 v - an amulet of regeneration (around neck)
 P - a ring of resist corrosion
 R - an amulet of faith
 T - an amulet of the acrobat
Wands
 w - a wand of flame (17)
 B - a wand of roots (16)
 C - a wand of light (20)
 F - a wand of mindburst (4)
 I - a wand of charming (15)
 K - a wand of polymorph (8)
Scrolls
 p - a scroll of fog
 r - 2 scrolls of teleportation
 s - 2 scrolls of immolation
 u - 2 scrolls of fear
 E - 3 scrolls of enchant armour
 G - 2 scrolls of enchant weapon
 L - a scroll of summoning
 S - a scroll of noise
Potions
 e - 2 potions of heal wounds
 g - 2 potions of lignification
 i - a potion of enlightenment
 l - a potion of resistance
 n - 4 potions of brilliance
 o - 2 potions of mutation
 q - 2 potions of might
 t - a potion of attraction
 A - a potion of ambrosia
 D - a potion of curing
 J - a potion of berserk rage


   Skills:
 - Level 6.0 Fighting
 - Level 8.6 Long Blades
 + Level 3.1 Armour
 - Level 7.0 Dodging
 - Level 3.0 Stealth
 - Level 8.5 Shields
 - Level 7.0 Spellcasting
 - Level 5.8 Conjurations
 - Level 2.9 Transmutations
 - Level 5.8 Air Magic
 - Level 4.5 Poison Magic


You had 20 spell levels left.
You knew the following spells:

 Your Spells              Type           Power      Damage    Failure   Level
a - Poisonous Vapours     Pois/Air       46%        N/A       4%          2
b - Mephitic Cloud        Conj/Pois/Air  24%        N/A       9%          3

Your spell library contained the following spells:

 Spells                   Type           Power      Damage    Failure   Level
 Passwall                 Tmut/Erth      9%         N/A       22%         2
 Stone Arrow              Conj/Erth      30%        3d8       24%         3
 Sandblast                Erth           10%        2d5       26%         1
 Freezing Cloud           Conj/Ice/Air   9%         6-21      83%         5


Dungeon Overview and Level Annotations

Branches:
Dungeon (13/15)            Temple (1/1) D:4            Lair (0/5) D:10
  Sewer (visited)          Bailey (visited)
    Orc: D:9-12      Vaults: D:13-14

Altars:
Ashenzari
Cheibriados
Dithmenos
Elyvilon
Fedhas
Gozag
Hepliaklqana
Kikubaaqudgha
Makhleb
Nemelex Xobeh
Okawaru
Qazlal
Ru
Sif Muna
Trog
Uskayaw
Vehumet
Wu Jian
Xom
Yredelemnul
Zin
The Shining One

Shops:
D:7 ?

Annotations:
D:10 exclusion: 2 oklob plants
D:11 Amaemon, Sonja


Innate Abilities, Weirdness & Mutations

((You are very nimble when in or above water. (Stealth+, EV+, Speed+++)))
Your lower body shifts to a powerful aquatic tail in water.


Message History

The stinking cloud engulfs you but does no damage.
The stinking cloud engulfs the cyclops but does no damage.
The two-headed ogre is engulfed in noxious fumes.
The two-headed ogre closely misses you. You block the two-headed ogre's attack.
The cyclops is engulfed in noxious fumes.
The cyclops barely misses you.
Unknown command.
Unknown command.
Unknown command.
You slash the two-headed ogre!
The two-headed ogre is severely wounded.
You hear the loud beating of a very distant drum.
Unknown command.
Casting: Mephitic Cloud (dangerous; 9% risk of failure)
Confirm with . or Enter, or press ? or * to list all spells.
Aiming: Mephitic Cloud (dangerous; 9% risk of failure)
Press: ? - help, Shift-Dir - straight line, f/p - two-headed ogre
Aim: a two-headed ogre, wielding a +0 giant spiked club and a +0 giant club (noxious fumes, severely wounded, confused, haloed, chance to affect: 53%)
The ball explodes into a vile cloud!
The stinking cloud engulfs the two-headed ogre but does no damage.
The two-headed ogre is severely wounded.
The stinking cloud engulfs you but does no damage.
The stinking cloud engulfs the cyclops but does no damage.
The two-headed ogre is engulfed in noxious fumes.
The cyclops is engulfed in noxious fumes.
The cyclops hits you!
Unknown command.
Unknown command.
Unknown command.
You hit the two-headed ogre.
The two-headed ogre is severely wounded.
The two-headed ogre wonders, "What am I doing in here?"
The two-headed ogre closely misses you.
The two-headed ogre hits you with a +0 giant club!!
* * * LOW HITPOINT WARNING * * *
The cyclops is engulfed in noxious fumes.
The cyclops appears confused.
The cyclops shouts, "What's happening?!"
The cyclops hits you!!
You die...

**,,,,,,,,,,,,,*
***,**,****,,,,*
,,,,,,,,,,,,,,,*
***,,,,,,,,,,,,* *,*******#,,**
** ***,* #.,* *, ,,,,* #..#####
*******, ***** #..°C°.####
*,,,,,,, *#.°O@....# *,******
#####.##.# *,* #.#*,* *,*
#########.#*,* *,*
#.........#*,* *,****
##.#########*,* **,,,,**
##...#########,****,,,,,,*
##.............,,,,,,,,,,,*
*#####..........###*,****,,,,,,*


You could see a two-headed ogre (confused) and a cyclops (confused).

Vanquished Creatures
  Snorg (D:13)
  5 two-headed ogres
  Maurice (D:9)
  A troll (D:10)
  A hornet (D:7)
  A slime creature (D:12)
  2 wraiths (D:10)
  27 yaks (D:10)
  3 vampire mosquitoes (D:10)
  The ghost of bahustanut the Insei, an amateur OpCj (D:4)
  2 acid dragons
  A water moccasin (D:9)
  8 orc warriors
  An ice beast (D:6)
  A black bear (D:4)
  A sky beast (D:6)
  3 ogres
  2 centaurs
  3 kobold brigands
  A bullfrog (D:8)
  2 gnoll sergeants
  3 scorpions
  8 wights
  4 killer bees (D:8)
  10 howler monkeys
  2 jellies (D:6)
  3 hounds
  2 orc priests
  Crazy Yiuf (D:3)
  2 sleepcaps (D:6)
  An iguana (D:3)
  10 gnolls
  12 adders
  4 river rats (Sewer)
  An ufetubus (D:4)
  3 worms
  2 dart slugs
  31 orcs
  7 bats
  6 endoplasms
  9 giant cockroaches
  11 hobgoblins
  6 jackals
  9 quokkas
  16 ball pythons
  4 frilled lizards
  9 goblins
  20 kobolds
  6 rats
270 creatures vanquished.

Vanquished Creatures (collateral kills)
  3 gnolls (D:4)
3 creatures vanquished.

Grand Total: 273 creatures vanquished

Notes
Turn   | Place    | Note
-------+----------+-------------------------------------------
     0 | D:1      | Newt the Merfolk Fighter began the quest for the Orb.
     0 | D:1      | Reached XP level 1. HP: 18/18 MP: 1/1
   271 | D:1      | Reached XP level 2. HP: 21/25 MP: 2/2
   888 | D:2      | Reached XP level 3. HP: 30/30 MP: 3/3
  1332 | D:2      | Found an ancient bone altar of Kikubaaqudgha.
  1347 | D:2      | Reached XP level 4. HP: 22/37 MP: 4/4
  1891 | D:3      | Reached skill level 5 in Long Blades
  1891 | D:3      | Reached skill level 1 in Dodging
  2090 | D:3      | Found a faded altar of an unknown god.
  2290 | D:3      | Reached XP level 5. HP: 42/42 MP: 5/5
  2614 | D:3      | Found a runed translucent door.
  2615 | D:3      | Noticed Crazy Yiuf
  2625 | D:3      | Killed Crazy Yiuf
  2746 | D:4      | Reached XP level 6. HP: 28/48 MP: 6/6
  2753 | D:4      | Noticed a black bear
  2768 | D:4      | Killed a black bear
  2779 | D:4      | Found a runed translucent door.
  2865 | D:4      | Found a glowing drain.
  2880 | Sewer    | Entered a sewer
  3111 | Sewer    | Reached skill level 1 in Stealth
  3507 | D:4      | Reached XP level 7. HP: 47/54 MP: 7/7
  3797 | D:4      | Found a staircase to the Ecumenical Temple.
  3883 | Temple   | Entered the Ecumenical Temple
  3891 | Temple   | Became a worshipper of the Shining One
  3966 | D:4      | Reached skill level 5 in Fighting
  4193 | D:4      | Noticed bahustanut's ghost (amateur OpCj)
  4298 | D:4      | Killed bahustanut's ghost
  4544 | D:5      | Entered Level 5 of the Dungeon
  4550 | D:5      | Reached XP level 8. HP: 62/64 MP: 8/8
  5108 | D:5      | Identified the +0 leather armour "Cisit" {rCorr Str+3
                  | Int+2}
  5365 | D:6      | Reached skill level 1 in Transmutations
  5365 | D:6      | Reached skill level 1 in Poison Magic
  5370 | D:6      | Identified the +0 kite shield of Uqeupair {Rampage rCorr}
  5423 | D:6      | Reached skill level 1 in Spellcasting
  5898 | D:6      | Found a sacrificial altar of Ru.
  5986 | D:6      | Learned a level 2 spell: Poisonous Vapours
  6162 | D:6      | Found a broken altar of Ashenzari.
  6346 | D:6      | Found a bloodstained altar of Trog.
  6465 | D:6      | Reached skill level 5 in Shields
  6580 | D:6      | Found a sparkling altar of Nemelex Xobeh.
  6580 | D:6      | Found a glowing silver altar of Zin.
  6701 | D:7      | The Shining One protects you from harm!
  6725 | D:7      | Reached XP level 9. HP: 54/69 MP: 10/10
  6978 | D:7      | Found a hazy altar of Hepliaklqana.
  6978 | D:7      | Found a basalt altar of Yredelemnul.
  7279 | D:7      | Found Lezorah's Magic Scroll Shoppe.
  7373 | D:7      | Bought a scroll of identify for 24 gold pieces
  7373 | D:7      | Bought a scroll of enchant weapon for 90 gold pieces
  7856 | D:8      | Noticed a hornet
  7867 | D:7      | Paralysed by a hornet for 1 turns
  7874 | D:7      | Killed a hornet
  8040 | D:8      | Reached * piety under the Shining One
  8770 | D:8      | Reached skill level 1 in Conjurations
  8770 | D:8      | Reached skill level 1 in Air Magic
  9016 | D:8      | Noticed a two-headed ogre
  9031 | D:8      | Killed a two-headed ogre
  9032 | D:8      | Reached XP level 10. HP: 63/76 MP: 4/14
  9207 | D:8      | Learned a level 3 spell: Mephitic Cloud
  9350 | D:9      | Noticed Maurice
  9372 | D:9      | Killed Maurice
  9481 | D:9      | Found a flagged portal.
  9487 | Bailey   | Entered a bailey
 10210 | Bailey   | Identified the +4 plate armour of the Shining Light {rElec
                  | rCorr}
 10573 | D:9      | Found an iron altar of Okawaru.
 10846 | D:10     | Entered Level 10 of the Dungeon
 10998 | D:10     | Noticed an oklob plant
 11001 | D:10     | Found a staircase to the Lair.
 11001 | D:10     | Noticed an oklob plant
 11177 | D:10     | Reached XP level 11. HP: 81/81 MP: 16/16
 11183 | D:10     | Noticed a two-headed ogre
 11199 | D:10     | Killed a two-headed ogre
 11200 | D:10     | Reached skill level 5 in Conjurations
 11200 | D:10     | Reached skill level 5 in Air Magic
 11428 | D:10     | Reached ** piety under the Shining One
 11709 | D:10     | Reached skill level 5 in Spellcasting
 12302 | D:11     | Noticed a two-headed ogre
 12357 | D:10     | Killed a two-headed ogre
 12446 | D:11     | Noticed a two-headed ogre
 12462 | D:11     | Killed a two-headed ogre
 12463 | D:11     | Reached skill level 5 in Dodging
 12657 | D:11     | Noticed a two-headed ogre
 12658 | D:11     | Noticed Amaemon
 12659 | D:11     | Noticed Sonja
 12680 | D:11     | Killed a two-headed ogre
 12692 | D:11     | HP: 2/81 [poisoned by Amaemon]
 13092 | D:12     | HP: 3/81 [slime creature (16)]
 13123 | D:13     | Noticed Snorg
 13143 | D:13     | Killed Snorg
 13144 | D:13     | Reached XP level 12. HP: 22/88 MP: 12/22
 13233 | D:13     | Found a shimmering blue altar of Sif Muna.
 13265 | D:13     | Noticed a two-headed ogre
 13275 | D:13     | Demolished by a cyclops

Illustrated notes

Levels and vault maps discovered:
D:1:      dpeg_arrival_yet_another_circle, layout_rooms
D:2:      layout_basic, basic_altar
D:3:      layout_loops_cross, shapermc_ecumenical_altar_starsandcircs,
          uniq_crazy_yiuf_cottage
D:4:      layout_cave_pools, minmay_temple_entry_statues_fountains,
          ebering_ghost_inner_flame, gup_sewer_entry_pipe
D:5:      layout_loops_ring
D:6:      layout_basic, nicolae_overflow_two_pavilions,
          mainiacjoe_overflow_paths, old_standard_altar, kennysheep_little_box
D:7:      layout_gridville, gammafunk_temple_overflow_statue, serial_shops, shop
D:8:      layout_basic
D:9:      layout_basic, general_overflow_altar, enter_bailey_4, uniq_maurice
D:10:     layout_loops_corners, dpeg_oklobed_lair
D:11:     layout_cave_pods, orc_0_dummy, uniq_sonja, uniq_amaemon
D:12:     layout_basic
D:13:     layout_loops_ring, david_vaults_4, gauntlet_entry_generic,
          nicolae_sif_muna_condensation, uniq_snorg
Temple:   nicolae_temple_two_arcs

Skill      XL: |  1  2  3  4  5  6  7  8  9 10 11 |
---------------+----------------------------------+-----
Fighting       | 4 6 |  6.0
Long Blades    | 3 4 5 7 8 |  8.6
Dodging        | 2 4 7 |  7.0
Stealth        | 2 3 |  3.0
Transmutations | 1 2 |  2.9
Poison Magic   | 1 4 |  4.5
Spellcasting   | 1 3 7 |  7.0
Shields        | 6 8 |  8.5
Conjurations   | 2 4 5 |  5.8
Air Magic      | 2 4 5 |  5.8
Armour         | 3 |  3.1

Action                     |  1- 3 |  4- 6 |  7- 9 | 10-12 || total
---------------------------+-------+-------+-------+-------++-------
  Melee: Long sword        |   121 |   242 |   363 |   465 ||  1191
         Tailslap          |       |     7 |       |    24 ||    31
   Cast: Poisonous Vapours |       |       |    17 |    43 ||    60
         Mephitic Cloud    |       |       |       |    30 ||    30
  Evoke: Wand              |       |       |     1 |     1 ||     2
    Use: Scroll            |     3 |     6 |    10 |     6 ||    25
         Potion            |       |     1 |     4 |     1 ||     6
 Armour: Scale mail        |    76 |   100 |    35 |       ||   211
         Leather armour    |       |       |    66 |    69 ||   135
  Dodge: Dodged            |    46 |   116 |   168 |   185 ||   515
  Block: Buckler           |    37 |    65 |    29 |       ||   131
         Kite shield       |       |       |   123 |   225 ||   348

Table legend: (Time is in decaauts)
 A = Elapsed time spent in this place.
 B = Non-inter-level travel time spent in this place.
 C = Inter-level travel time spent in this place.
 D = Time resting spent in this place.
 E = Time spent auto-exploring this place.
 F = Levels seen in this place.
 G = Mean time per level.
                   A        B        C        D        E       F      G
               +--------+--------+--------+--------+--------+-----+--------+
         Total |  13283 |  12790 |    493 |   3461 |   6831 |  16 |  830.2 |
       Dungeon |  12010 |  11533 |    477 |   3043 |   6388 |  13 |  923.8 |
        Temple |     16 |      1 |     15 |      0 |      0 |   1 |   16.0 |
         Sewer |    511 |    511 |      0 |      0 |    350 |   1 |  511.0 |
        Bailey |    744 |    744 |      0 |    418 |     92 |   1 |  744.0 |
               +--------+--------+--------+--------+--------+-----+--------+

Top non-repeatable levels by time:
    D:10: 1516 daAuts
     D:7: 1370 daAuts
     D:6: 1281 daAuts
     D:8: 1267 daAuts
     D:4: 1232 daAuts
     D:2: 937 daAuts
     D:3: 924 daAuts
     D:1: 884 daAuts
     D:9: 842 daAuts
     D:5: 810 daAuts
  Bailey: 744 daAuts
   Sewer: 511 daAuts
    D:12: 431 daAuts
    D:11: 358 daAuts
    D:13: 153 daAuts
